 Dungeon Crawl Stone Soup version 0.17-a0-1667-g4ca74a1 (webtiles) character file.

12007 DEFE the Fighter (level 11, 0/62 HPs)
             Began as a Vine Stalker Fighter on Aug 17, 2015.
             Was an Elder of Okawaru.
             Slain by emiel's ghost (2 damage)
             ... on level 11 of the Dungeon.
             The game lasted 00:19:42 (9346 turns).

DEFE the Fighter (Vine Stalker Fighter)             Turns: 9346, Time: 00:19:42

Health: 0/62       AC: 21    Str: 23    XL:     11   Next: 86%
Magic:  0/12       EV: 12    Int:  8    God:    Okawaru [****..]
Gold:   319        SH: 12    Dex: 15    Spells: 0 memorised, 10 levels left

rFire  . . .     SeeInvis +     a - +1 long sword
rCold  . . .     Clarity  .     y - +6 chain mail of the Shore {rElec Regen+ Dex-3}
rNeg   + . .     SustAt   .     c - +0 shield
rPois  +         Gourm    .     o - +1 hat {SInv}
rElec  +         Spirit   +     t - +1 cloak {rPois}
rCorr  .         Warding  +     L - +0 pair of gloves
rMut   .         Stasis   .     (no boots)
MR     +....                    r - amulet of warding
Stlth  ..........               (no ring)
                                g - ring of wizardry

@: agile, very slightly contaminated, invisible, somewhat resistant to hostile
enchantments, extremely unstealthy
A: fangs 3, regeneration 2, magic shield, antimagic bite, no device heal 3, rot
immunity
a: Heroism, Renounce Religion


You were on level 11 of the Dungeon.
You worshipped Okawaru.
Okawaru was greatly pleased with you.
You were not hungry.

You visited 2 branches of the dungeon, and saw 12 of its levels.
You also visited: Ossuary.

You collected 566 gold pieces.
You spent 247 gold pieces at shops.

Inventory:

Hand weapons
 a - a +1 long sword (weapon)
 N - a +0 blowgun
Missiles
 b - 5 needles of slowing
 P - 33 poisoned needles
Armour
 c - a +0 shield (worn)
 o - a +1 hat of see invisible (worn)
 t - a +1 cloak of poison resistance (worn)
 y - the +6 chain mail of the Shore (worn) {rElec Regen+ Dex-3}
   (You bought it in a shop on level 5 of the Dungeon)

   It affects your dexterity (-3).
   It insulates you from electricity.
   It increases your rate of regeneration.
 A - the +4 chain mail of Good Intentions {MR+ Int+3}
   (You found it on level 10 of the Dungeon)

   It affects your intelligence (+3).
   It affects your resistance to hostile enchantments.
 L - a +0 pair of gloves (worn)
Jewellery
 g - a ring of wizardry (left hand)
 r - an amulet of warding (around neck)
Magical devices
 I - a wand of draining (2)
 R - a wand of fire (2)
Scrolls
 f - 4 scrolls of fog
 l - 7 scrolls of remove curse
 q - a scroll of enchant weapon
 s - 3 scrolls of recharging
 w - 3 scrolls of teleportation
Potions
 d - a potion of lignification
 k - a potion of agility
 n - 2 potions of haste
 p - 2 potions of flight
 u - 2 potions of degeneration {unknown}
 z - 4 potions of curing
 B - 2 potions of cure mutation
 E - a potion of resistance
 F - a potion of ambrosia
 K - a potion of magic
 M - a potion of brilliance {unknown}
Comestibles
 e - 5 bread rations
 h - a slice of pizza
 i - 3 meat rations
 x - 11 fruits


   Skills:
 + Level 9.3 Fighting
 + Level 8.8 Long Blades
 + Level 8.3 Armour
 + Level 8.8 Shields


You had 10 spell levels left.
You didn't know any spells.

Dungeon Overview and Level Annotations

Branches:
Dungeon (11/15)            Temple (1/1) D:7            Lair (0/8) D:11
    Orc (0/4) D:9

Altars:
Ashenzari
Cheibriados
Dithmenos
Elyvilon
Fedhas
Gozag
Kikubaaqudgha
Makhleb
Nemelex Xobeh
Okawaru
Qazlal
Ru
Sif Muna
Trog
Vehumet
Xom
Yredelemnul
Zin
The Shining One
Lugonu

Shops:
D:5 [

Annotations:
D:11 emiel's ghost, powerful FoEE


Innate Abilities, Weirdness & Mutations

You have razor-sharp teeth.
You heal very quickly.
When hurt, damage is shared between your health and your magic reserves.
Your bite disrupts and absorbs the magic of your enemies.
Potions and wands cannot restore your health.
You are immune to rotting.


Message History

You block emiel's ghost's attack.
Your chain mail of the Shore prevents you from hitting emiel's ghost.
Emiel's ghost is moderately damaged.
Emiel's ghost hits you but does no damage.
You miss emiel's ghost.
Emiel's ghost is moderately damaged.
Emiel's ghost hits you!
* * * LOW HITPOINT WARNING * * *
x2 Unknown command.
Drink which item? (? for menu, Esc to quit)
You fade into invisibility!
You block emiel's ghost's attack.
You are very lightly contaminated with residual magic.
Unknown command.
You block emiel's ghost's attack.
You barely miss emiel's ghost.
Emiel's ghost is moderately damaged.
Emiel's ghost hits you!
* * * LOW HITPOINT WARNING * * *
You die...

. ................# .
..........#####.# .
..........# #.# .
..........# #.. ####
##############'### ..
...# ............##...#
.. ...#
............##...#####..
...#
............##.......#..
...#
.......@.)..##.......#..
...#
.......W....##.......+..
...#
............##.......#..
...#
####..#####'####....##..
...# #..
#......'....#... ...#
#.. #......#....#...
...# #. #......#....+...
...# #. #......#..<.#...
...# #......#....#...


You could see emiel's ghost.

Vanquished Creatures
  Gastronok (D:10)
  Nergalle (D:11)
  Pikel (D:7)
  2 hill giants
  The ghost of emiel the Basher, an experienced OgWz (D:7)
  A kobold demonologist (D:11)
  10 yaks (D:10)
  2 deep elf magi
  A trapdoor spider (D:10)
  A hippogriff (D:8)
  A hungry ghost (D:10)
  3 steam dragons (D:8)
  Menkaure (D:5)
  2 water moccasins (D:11)
  Duvessa (D:6)
  2 ice beasts
  A necrophage (D:11)
  An orc warrior (D:10)
  A sky beast (D:9)
  5 ogres
  3 black bears
  A phantom (D:8)
  A slave (D:7)
  7 centaurs
  4 giant frogs
  3 big kobolds
  Dowan (D:6)
  3 scorpions
  2 water moccasin skeletons
  8 killer bees
  2 centaur zombies
  3 crimson imps
  A giant frog zombie (D:8)
  5 hounds
  An orc wizard (D:7)
  2 jellies
  Crazy Yiuf (D:3)
  6 orc priests
  Ijyb (D:2)
  2 centaur skeletons
  Terence (D:2)
  2 iguanas
  6 worker ants
  A hound zombie (D:7)
  13 mummies (Ossuary)
  A hound skeleton (D:6)
  A worker ant zombie (D:5)
  11 adders
  A gnoll (D:1)
  3 shadow imps
  2 oozes
  4 adder skeletons
  2 worms
  3 giant geckos
  29 orcs
  7 bats
  8 giant cockroaches
  8 hobgoblins
  2 jackals (D:9)
  A ball python (D:5)
  A giant gecko skeleton (D:8)
  13 giant newts
  3 gnoll skeletons (Ossuary)
  7 goblins
  A goblin skeleton (Ossuary)
  A jackal skeleton (D:7)
  35 kobolds
  2 kobold skeletons (Ossuary)
  2 orc skeletons (Ossuary)
  2 quokkas
  5 rats
  11 rat skeletons (Ossuary)
285 creatures vanquished.

Vanquished Creatures (others)
  The ghost of Duffy the Skirmisher, an experienced VSAE of Ashenzari (D:6)
  A hippogriff (D:7)
  An adder skeleton (D:9)
  A giant gecko (D:7)
  An orc (D:7)
  4 kobolds (D:7)
9 creatures vanquished.

Grand Total: 294 creatures vanquished

Notes
Turn   | Place    | Note
--------------------------------------------------------------
     0 | D:1      | DEFE the Vine Stalker Fighter began the quest for the Orb.
     0 | D:1      | Reached XP level 1. HP: 11/11 MP: 2/2
    91 | D:1      | Reached XP level 2. HP: 8/16 MP: 0/3
   136 | D:1      | Reached skill level 3 in Fighting
   161 | D:1      | Reached XP level 3. HP: 20/20 MP: 4/4
   583 | D:2      | Noticed Terence
   603 | D:2      | Killed Terence
   603 | D:2      | Reached XP level 4. HP: 18/24 MP: 3/5
   655 | D:2      | Noticed Ijyb
   675 | D:2      | Killed Ijyb
  1376 | D:3      | Reached XP level 5. HP: 28/28 MP: 6/6
  1472 | D:3      | Noticed Crazy Yiuf
  1479 | D:3      | Killed Crazy Yiuf
  2063 | D:4      | Gained mutation: You heal very quickly. [Vine Stalker growth]
  2063 | D:4      | Reached XP level 6. HP: 23/33 MP: 5/7
  2130 | D:4      | Reached skill level 4 in Fighting
  2243 | D:4      | Noticed an ogre
  2308 | D:4      | Killed an ogre
  2698 | D:5      | Entered Level 5 of the Dungeon
  2730 | D:5      | Reached XP level 7. HP: 28/37 MP: 8/8
  2745 | D:5      | Noticed Menkaure
  2754 | D:5      | Killed Menkaure
  3045 | D:5      | Found a burning altar of Makhleb.
  3052 | D:5      | Found Illaef's Antique Armour Boutique.
  3061 | D:5      | Bought a heavily runed chain mail for 247 gold pieces
  3071 | D:5      | Identified the +6 chain mail of the Shore {rElec Regen+ Dex-3} (You bought it in a shop on level 5 of the Dungeon)
  3075 | D:5      | Found a deep blue altar of Sif Muna.
  3422 | D:6      | Noticed Duvessa
  3422 | D:6      | Noticed Dowan
  3437 | D:6      | Killed Duvessa
  3443 | D:6      | Killed Dowan
  3443 | D:6      | Reached skill level 5 in Fighting
  3443 | D:6      | Gained mutation: You have razor-sharp teeth. [Vine Stalker growth]
  3443 | D:6      | Reached XP level 8. HP: 36/43 MP: 9/9
  3636 | D:6      | Reached skill level 5 in Shields
  3835 | D:6      | Noticed Duffy's ghost (experienced VSAE)
  3866 | D:6      | Killed Duffy's ghost
  4334 | D:6      | Reached skill level 5 in Long Blades
  4334 | D:6      | Reached skill level 5 in Armour
  4401 | D:7      | Noticed Pikel
  4419 | D:7      | Killed Pikel
  4419 | D:7      | Reached skill level 6 in Fighting
  4419 | D:7      | Reached XP level 9. HP: 44/48 MP: 8/10
  4468 | D:7      | Noticed emiel's ghost (experienced OgWz)
  4487 | D:7      | Killed emiel's ghost
  4651 | D:7      | Found a glowing golden altar of the Shining One.
  4677 | D:7      | Found a sand-covered staircase.
  4701 | Ossuary  | Entered an ossuary
  5404 | D:7      | Found a staircase to the Ecumenical Temple.
  5512 | D:7      | Reached skill level 7 in Fighting
  5753 | Temple   | Entered the Ecumenical Temple
  5781 | Temple   | Became a worshipper of Warmaster Okawaru
  5927 | D:8      | Found a shimmering altar of Xom.
  6016 | D:8      | Reached XP level 10. HP: 55/55 MP: 11/11
  6515 | D:8      | Acquired Okawaru's first power
  6921 | D:9      | Found a staircase to the Orcish Mines.
  7097 | D:9      | Found a sparkling altar of Nemelex Xobeh.
  7099 | D:9      | Found a sacrificial altar of Ru.
  7104 | D:9      | Found a basalt altar of Yredelemnul.
  7105 | D:9      | Found a glowing silver altar of Zin.
  7105 | D:9      | Found an opulent altar of Gozag.
  7105 | D:9      | Found a radiant altar of Vehumet.
  7108 | D:9      | Found a snail-covered altar of Cheibriados.
  7110 | D:9      | Found a white marble altar of Elyvilon.
  7849 | D:10     | Entered Level 10 of the Dungeon
  7981 | D:10     | Noticed Gastronok
  8013 | D:10     | Killed Gastronok
  8013 | D:10     | Reached skill level 8 in Fighting
  8013 | D:10     | Reached XP level 11. HP: 6/60 MP: 12/12
  8150 | D:10     | Got a transparent chain mail
  8162 | D:10     | Identified the +4 chain mail of Good Intentions {MR+ Int+3} (You found it on level 10 of the Dungeon)
  8450 | D:10     | Noticed a hill giant
  8459 | D:10     | Killed a hill giant
  8745 | D:10     | Reached skill level 9 in Fighting
  8813 | D:11     | Noticed Nergalle
  8846 | D:11     | Killed Nergalle
  8971 | D:11     | Found a staircase to the Lair.
  8972 | D:11     | Noticed an eight-headed hydra
  9281 | D:11     | Noticed a hill giant
  9294 | D:11     | Killed a hill giant
  9320 | D:11     | Noticed emiel's ghost (powerful FoEE)
  9346 | D:11     | HP: 2/62 [emiel's ghost (7)]
  9346 | D:11     | Slain by emiel's ghost

Vault maps used:
D:1:      saegor_arrival_simple_d, minmay_misc_feat_plants, minmay_crystal_room,
          minmay_newt_pond
D:2:      st_stairs_4, wad_floor_pattern_1, uniq_iyjb, uniq_terence
D:3:      uniq_crazy_yiuf_cottage
D:4:      first_bread, serial_park_tiny_pond, columned_hall_lemuel
D:5:      kennysheep_mini, lemuel_doored_altar, serial_shops, shop,
          uniq_menkaure
D:6:      lemuel_ice_spiral_2, minmay_misc_feat_more_columns, uniq_duvessa
D:7:      kennysheep_kobold_camp, lemuel_crystal_altar,
          minmay_temple_entry_enclosed_plants, serial_corexii_hall,
          corexii_hall_statues_i, corexii_hall_statues_deadend, enter_ossuary_1,
          uniq_pikel
D:8:      kennysheep_steamy, lemuel_round_altar
D:9:      minitemple, orc_0_dummy
D:10:     uniq_gastronok
D:11:     boulder_corridor_run, lair_0_dummy, the_bakery, uniq_nergalle
Temple:   corrupted_temple
Ossuary:  ossuary_due_small_catacomb

Action                   |  1- 3 |  4- 6 |  7- 9 | 10-12 || total
-------------------------+-------+-------+-------+-------++-------
Melee: Long sword        |    88 |   141 |   459 |   546 ||  1234
Throw: Throwing net      |       |     1 |       |       ||     1
Invok: Heroism           |       |       |       |     2 ||     2
Evoke: Wand              |       |       |       |     3 ||     3
  Use: Scroll            |       |     4 |     8 |    17 ||    29
       Potion            |       |     1 |       |     4 ||     5
 Stab: Invisible         |       |       |       |     1 ||     1
  Eat: Chunk             |       |     2 |     6 |    10 ||    18
       Meat ration       |       |     1 |     1 |       ||     2
       Royal jelly       |       |       |       |     1 ||     1
       Beef jerky        |       |       |       |     1 ||     1
